 Dungeon Crawl Stone Soup version 0.25-a0-734-g73332aeda9 (webtiles) character file.

Game seed: 11787471415908354959, levelgen mode: deterministic

137216 15rune the Slicer (level 16, -11/66 HPs)
             Began as a Spriggan Assassin on Apr 9, 2020.
             Was a High Priest of Hepliaklqana.
             Killed from afar by a fire dragon (41 damage)
             ... with a blast of flame
             ... on level 4 of the Swamp on Apr 11, 2020.
             The game lasted 03:25:38 (43150 turns).

15rune the Slicer (Spriggan Assassin)              Turns: 43150, Time: 03:25:40

Health: -11/66     AC: 11    Str: 11    XL:     16   Next: 68%
Magic:  24/24      EV: 23    Int: 18    God:    Hepliaklqana [*****.]
Gold:   1113       SH:  0    Dex: 18    Spells: 8/24 levels left

rFire    . . .     SeeInvis +   Q - +4 short sword (freeze)
rCold    + . .     Gourm    .   (shield restricted)
rNeg     . . .     Faith    .   G - +0 troll leather armour
rPois    .         Spirit   .   k - +2 hat {Int+3}
rElec    .         Reflect  .   c - +2 cloak
rCorr    .         Harm     .   (gloves unavailable)
MR       ++...                  (boots unavailable)
Stlth    +++++.....             T - amulet of the acrobat
HPRegen  0.61/turn              t - ring of protection from cold
MPRegen  0.19/turn              Z - ring of flight

@: very quick
A: very small, unfitting armour, reduced essence, see invisible, herbivore,
speed 3, slow metabolism 2
a: Recall Ancestor, Ancestor Identity, Transference, Idealise, Renounce
Religion, Evoke Flight


You were on level 4 of the Swamp.
You worshipped Hepliaklqana.
Hepliaklqana was extremely pleased with you.
You were hungry.

You visited 6 branches of the dungeon, and saw 29 of its levels.
You also visited: Ossuary.

You collected 2139 gold pieces.
You spent 1026 gold pieces at shops.

Inventory:

Hand Weapons
 a - a +4 quick blade
 y - a +6 dagger of venom
 Q - a +4 short sword of freezing (weapon)
 R - a +1 short sword of electrocution
Missiles
 d - 73 poisoned darts
 C - 30 boomerangs
 M - 14 curare-tipped darts
 P - 15 silver boomerangs (quivered)
 Y - a throwing net
Armour
 c - a +2 cloak (worn)
 k - a +2 hat of intelligence (worn)
 G - a +0 troll leather armour (worn)
 L - a +0 buckler
Magical Staves
 r - an uncursed staff of poison
 H - an uncursed staff of earth
Jewellery
 t - a ring of protection from cold (left hand)
 w - an uncursed ring of positive energy
 B - an uncursed amulet of faith
 T - an amulet of the acrobat (around neck)
 Z - a ring of flight (right hand)
Wands
 b - a wand of acid (2)
 i - a wand of paralysis (2)
 o - a wand of digging (9)
 J - a wand of flame (31)
 O - a wand of random effects (23)
 U - a wand of polymorph (23)
Scrolls
 e - 3 scrolls of identify
 l - 3 scrolls of enchant armour
 m - 2 scrolls of magic mapping
 s - 14 scrolls of remove curse
 v - 3 scrolls of immolation
 D - a scroll of noise
 F - 3 scrolls of amnesia
 N - a scroll of fog
 V - 5 scrolls of vulnerability
 X - a scroll of holy word
Potions
 g - 3 potions of might
 h - 3 potions of stabbing
 j - 5 potions of lignification
 p - 2 potions of resistance
 q - a potion of curing
 u - 8 potions of cancellation
 x - a potion of berserk rage
 z - 5 potions of mutation
 A - 4 potions of flight
 E - 7 potions of brilliance
 I - 3 potions of magic
 S - 4 potions of haste
Miscellaneous
 K - a tin of tremorstones
Comestibles
 f - 18 rations


   Skills:
 - Level 4.0 Fighting
 - Level 14.0 Short Blades
 + Level 7.1 Throwing
 - Level 12.0 Armour
 - Level 7.6 Dodging
 - Level 13.3 Stealth
 - Level 7.3 Shields
 + Level 4.8 Spellcasting
 + Level 7.4 Conjurations
 * Level 9.0 Fire Magic
 - Level 3.0 Air Magic
 - Level 5.0 Poison Magic
 - Level 6.0 Invocations
 - Level 5.0 Evocations


You had 8 spell levels left.
You knew the following spells:

 Your Spells              Type           Power        Failure   Level  Hunger
a - Foxfire               Conj/Fire      ####         1%          1    None
b - Conjure Flame         Conj/Fire      ####....     1%          3    ###....
c - Mephitic Cloud        Conj/Pois/Air  ###.....     6%          3    ###....
d - Sticky Flame          Conj/Fire      ####....     5%          4    ####...
e - Fireball              Conj/Fire      ####......   16%         5    ######.

Your spell library contained the following spells:

 Spells                   Type           Power        Failure   Level  Hunger
 Magic Dart               Conj           ####         1%          1    None
 Inner Flame              Hex/Fire       ###.....     8%          3    ###....
 Freeze                   Ice            #...         17%         1    None
 Blink                    Tloc           N/A          26%         2    #......
 Call Imp                 Summ           #.......     26%         2    #......
 Slow                     Hex            #.......     26%         2    #......
 Hailstorm                Conj/Ice       ###.....     36%         4    ####...
 Frozen Ramparts          Ice            #.....       45%         3    ###....
 Ozocubu's Armour         Chrm/Ice       #.......     45%         3    ###....
 Summon Ice Beast         Ice/Summ       #.......     86%         4    ####...


Dungeon Overview and Level Annotations

Branches:
Dungeon (15/15)            Temple (1/1) D:5            Lair (6/6) D:11
  Swamp (4/4) Lair:4        Snake (1/4) Lair:4        Slime (0/5) Lair:6
    Orc (2/2) D:10            Elf (0/3) Orc:2        Vaults (0/5) D:13
 Depths (0/5) D:15        Ossuary (visited)

Altars:
Ashenzari
Cheibriados
Dithmenos
Elyvilon
Fedhas
Gozag
Hepliaklqana
Kikubaaqudgha
Makhleb
Nemelex Xobeh
Okawaru
Qazlal
Ru
Sif Muna
Trog
Uskayaw
Vehumet
Wu Jian
Xom
Yredelemnul
Zin
The Shining One
Beogh

Shops:
Orc:2 *[([

Portals:
Trove: D:11 (give 20 potions of curing)

Annotations:
D:6 Menkaure
D:11 3 runed translucent doors, exclusion: 3 doors, Kaggow's ghost, journeyman DsMo
Lair:6 exclusion: door
Swamp:4 Kirke


Innate Abilities, Weirdness & Mutations

You are very small and have problems with some larger weapons.
You are too small for most types of armour.
You have supernaturally acute eyesight. (SInv)
You are a herbivore.
You cover ground extremely quickly.
You need to consume almost no food.
Your life essence is reduced to manifest your ancestor. (-10% HP)


Message History

You hit the fire dragon but do no damage.
The fire dragon is severely wounded.
The fire dragon completely misses you. The fire dragon barely misses you.
The fire dragon misses you.
You hit the fire dragon but do no damage.
The fire dragon is severely wounded.
You hit the fire dragon but do no damage.
The fire dragon is severely wounded.
The fire dragon breathes flames at you. The blast of flame hits you!
You hit the fire dragon but do no damage.
The fire dragon is severely wounded.
Evoke which item? (* to show all) (? for menu, Esc to quit)
You open the lid... ...and a juvenile shockfire beast leaps out!
The now-empty box falls apart.
The fire dragon breathes flames at you. The blast of flame hits you!!!
Ouch! That really hurt!
You die...

**,* *≈≈, **≈,, **,,,, ♣♣ **,*≈*≈
.♣♣♣♣ ♣♣♣♣♣♣*♣ *≈,,♣., ≈.≈≈♣
♣≈≈≈.♣≈♣♣*≈,,.≈≈ ≈≈≈.♣ ♣♣♣♣♣♣
♣♣♣.≈≈..≈≈.,≈≈≈≈,≈
.♣♣♣*♣♣..≈≈♣♣♣♣♣@≈.≈≈.$≈..≈,,≈D≈≈
♣♣ ♣♣♣...≈≈.≈..HD..≈≈.○§.≈,,,≈≈.≈
♣ ♣♣≈..≈≈≈≈≈.≈≈♣...≈≈.○☼..≈,,≈≈*,
♣♣♣.≈.≈≈≈≈.≈†..≈≈†≈.≈.○≈≈.≈,≈,≈,*
♣♣≈..≈....†..≈♣≈§##♣≈.○≈≈.,***≈*,
.≈♣♣.≈..≈≈.≈≈≈♣#.≈##♣♣....*******
...≈.≈.≈≈≈.≈≈.♣.#≈.########D,***,
....≈)...[.≈.♣##....#.##...≈,,,,≈
.≈♣§≈♣♣♣≈≈..≈♣#≈.≈≈≈.≈k.≈≈.≈≈≈≈≈≈


You could see a fire dragon and a friendly juvenile shockfire beast.

Vanquished Creatures
  Jorgrun (D:14)
  2 thorn hunters
  Agnes (D:15)
  Gastronok (D:10)
  A fire giant (D:15)
  An orc warlord (Orc:2)
  A very ugly thing (D:11)
  Nessos (Lair:4)
  Snorg (D:10)
  An ettin (Orc:1)
  2 fire dragons
  12 hydras
  Harold (D:11)
  Fannar (Lair:2)
  Erolcha (D:13)
  4 centaur warriors
  2 naga warriors
  A ghost crab (Swamp:3)
  7 two-headed ogres
  5 death yaks
  A tengu warrior (D:15)
  A hell hog (D:14)
  9 alligators
  2 death knights
  2 orc high priests (Orc:2)
  Urug (Lair:6)
  Sonja (Lair:5)
  A naga sharpshooter (Snake:1)
  4 skeletal warriors (D:14)
  4 unseen horrors
  2 spriggan druids (Swamp:4)
  A glowing orange brain (D:11)
  4 swamp dragons
  3 wizards
  Pikel (D:4)
  2 cyclopes
  3 orc knights
  17 ugly things
  2 orc sorcerers (Orc:2)
  2 deep elf magi
  A salamander (Lair:4)
  A guardian serpent (Snake:1)
  4 centaur zombies
  7 elephants
  Maurice (D:11)
  A naga mage (Lair:4)
  4 black mambas
  Psyche (D:12)
  16 spiny frogs
  11 komodo dragons
  2 efreet
  7 rime drakes
  A redback zombie (D:15)
  3 polar bears
  A tengu conjurer (D:14)
  6 tyrant leeches
  3 meliai (D:14)
  9 trolls
  6 hippogriffs
  7 hornets
  3 bog bodies (Swamp:3)
  15 blink frogs
  3 slime creatures (D:14)
  A meliai zombie (D:14)
  5 spriggans
  3 hogs
  3 basilisks
  2 wraiths
  6 wyverns
  A human (shapeshifter) (D:14)
  37 yaks
  2 fire elementals (D:14)
  A hungry ghost (D:4)
  5 vampire mosquitoes
  7 nagas
  16 swamp worms
  8 insubstantial wisps
  2 wargs
  An acid dragon (D:12)
  12 water moccasins
  13 porcupines
  A soldier ant (D:12)
  Duvessa (D:4)
  2 ice beasts
  A black bear (Lair:3)
  2 phantoms
  25 orc warriors
  7 swamp drakes
  7 sky beasts
  3 eyes of draining
  A necrophage (D:8)
  6 wolves
  7 centaurs
  14 ogres
  11 crocodiles
  A big kobold (D:9)
  17 bullfrogs
  Dowan (D:4)
  A wyvern skeleton (D:9)
  2 hexers
  A scorpion (D:10)
  18 killer bees
  7 howler monkeys
  A wight (D:10)
  9 crimson imps
  2 bullfrog zombies
  9 jellies
  2 lava snakes (Swamp:4)
  6 hounds
  23 orc priests
  A human zombie (Ossuary)
  Crazy Yiuf (D:4)
  5 bullfrog skeletons
  6 centaur skeletons
  3 iguanas
  21 orc wizards
  15 worker ants
  A hound zombie (D:8)
  2 mummies (Ossuary)
  3 hound skeletons
  2 worker ant zombies
  Robin (D:4)
  8 gnolls
  12 adders
  3 shadow imps
  4 oozes
  3 adder zombies
  2 adder skeletons
  5 worms
  5 dart slugs
  2 leopard geckos
  94 orcs
  A ball python (D:1)
  5 giant cockroaches
  15 goblins
  3 hobgoblins
  3 jackals (D:1)
  A quokka (D:5)
  6 bats
  3 frilled lizards
  A giant cockroach zombie (D:6)
  2 goblin zombies (Ossuary)
  8 hobgoblin zombies (Ossuary)
  A jackal skeleton (D:7)
  2 jackal zombies (Ossuary)
  16 kobolds
  10 kobold zombies (Ossuary)
  A leopard gecko skeleton (D:5)
  4 orc zombies (Ossuary)
  5 rats
  A rat zombie (Ossuary)
  2 briar patches (Swamp:1)
825 creatures vanquished.

Vanquished Creatures (collateral kills)
  A two-headed ogre (D:13)
  A tengu warrior (D:14)
  Nergalle (D:11)
  A lindwurm (Swamp:4)
  A swamp dragon (Swamp:4)
  2 ugly things
  An elephant (Lair:5)
  A gargoyle (D:15)
  3 spiny frogs
  2 komodo dragons
  A troll (Orc:1)
  2 bog bodies
  11 yaks
  A human (D:12)
  2 hogs (D:12)
  A fire elemental (D:14)
  5 vampire mosquitoes (Swamp:4)
  2 hungry ghosts (D:10)
  A naga (Snake:1)
  4 insubstantial wisps
  A swamp worm (Swamp:3)
  A hell hound (D:14)
  5 porcupines
  A water moccasin (Lair:3)
  3 swamp drakes (Swamp:4)
  6 orc warriors
  A sky beast (D:5)
  A black bear (D:7)
  A necrophage (D:6)
  2 ogres
  A phantom (D:6)
  A wolf (Lair:6)
  A crocodile (D:11)
  4 bullfrogs
  A scorpion (D:6)
  2 wights (D:10)
  A howler monkey (D:6)
  A human zombie (Ossuary)
  4 quasits
  A hound (D:6)
  A jelly (D:5)
  3 orc priests (Orc:2)
  4 orc wizards (Orc:2)
  A gnoll (D:8)
  2 adders
  An ooze (Lair:6)
  17 orcs
  A quokka (D:11)
  A hobgoblin zombie (Ossuary)
  A jackal zombie (Ossuary)
  2 kobold zombies (Ossuary)
  2 orc zombies (Ossuary)
  2 fungi
  2 plants
123 creatures vanquished.

Vanquished Creatures (others)
  3 swamp dragons (Swamp:4)
  2 lindwurms (Swamp:4)
  2 steam dragons (Swamp:4)
  An insubstantial wisp (Swamp:4)
  3 swamp drakes (Swamp:4)
  A wyvern zombie (D:14)
  An ancestor (D:6)
  57 hexers
  53 foxfires
  6 fungi
  17 plants
146 creatures vanquished.

Grand Total: 1094 creatures vanquished

Notes
Turn   | Place    | Note
-------+----------+-------------------------------------------
     0 | D:1      | 15rune the Spriggan Assassin began the quest for the Orb.
     0 | D:1      | Reached XP level 1. HP: 10/10 MP: 2/2
   288 | D:1      | Reached XP level 2. HP: 6/14 MP: 3/3
  1488 | D:1      | Upgraded the game from 0.25-a0-731-g0472a16d6a to
                  | 0.25-a0-734-g73332aeda9
  1508 | D:2      | Reached skill level 3 in Short Blades
  1609 | D:2      | Reached XP level 3. HP: 18/18 MP: 4/4
  1802 | D:2      | Reached XP level 4. HP: 22/22 MP: 5/5
  2292 | D:2      | Found a sacrificial altar of Ru.
  2589 | D:2      | Reached skill level 4 in Short Blades
  2664 | D:2      | Reached XP level 5. HP: 25/25 MP: 6/6
  3182 | D:3      | Found a stormy altar of Qazlal.
  3182 | D:3      | Found a sparkling altar of Nemelex Xobeh.
  3182 | D:3      | Found a shimmering altar of Xom.
  3952 | D:4      | Reached XP level 6. HP: 30/30 MP: 7/7
  3999 | D:4      | Found a shattered altar of Ashenzari.
  4000 | D:4      | Found a burning altar of Makhleb.
  4007 | D:4      | Noticed a slave
  4008 | D:4      | Noticed a slave
  4577 | D:4      | Noticed a slave
  4577 | D:4      | Noticed Pikel
  4578 | D:4      | Noticed a slave
  4622 | D:4      | Killed Pikel
  4622 | D:4      | Reached skill level 6 in Short Blades
  4622 | D:4      | Reached skill level 5 in Dodging
  4622 | D:4      | Reached XP level 7. HP: 33/33 MP: 8/8
  4990 | D:4      | Noticed a hungry ghost
  5026 | D:4      | Killed a hungry ghost
  5072 | D:4      | Noticed Robin
  5088 | D:4      | Killed Robin
  5173 | D:4      | Found a runed translucent door.
  5174 | D:4      | Noticed Crazy Yiuf
  5383 | D:4      | Noticed Dowan
  5384 | D:4      | Noticed Duvessa
  5403 | D:4      | Killed Duvessa
  5403 | D:4      | Reached skill level 7 in Short Blades
  5403 | D:4      | Reached XP level 8. HP: 37/37 MP: 9/9
  5421 | D:4      | Killed Dowan
  5708 | D:4      | Killed Crazy Yiuf
  5802 | D:5      | Entered Level 5 of the Dungeon
  5834 | D:5      | Found a staircase to the Ecumenical Temple.
  5850 | Temple   | Entered the Ecumenical Temple
  5930 | Temple   | Became a worshipper of Hepliaklqana the Forgotten
  6134 | D:5      | Reached skill level 5 in Throwing
  6325 | D:5      | Reached skill level 8 in Short Blades
  6983 | D:5      | Reached skill level 9 in Short Blades
  7325 | D:6      | Reached XP level 9. HP: 31/36 MP: 10/10
  7404 | D:6      | Reached skill level 10 in Short Blades
  7414 | D:6      | Noticed Menkaure
  7415 | D:6      | Found a glowing silver altar of Zin.
  7445 | D:6      | Reached * piety under Hepliaklqana
  7768 | D:6      | Reached skill level 1 in Invocations
  8265 | D:6      | Reached skill level 1 in Spellcasting
  8691 | D:6      | Found a shadowy altar of Dithmenos.
  8849 | D:6      | Reached ** piety under Hepliaklqana
  8850 | D:6      | Remembered your ancestor Power as a hexer
  9479 | D:7      | Got a pair of brightly glowing gloves
 10576 | D:8      | Reached skill level 5 in Invocations
 10702 | D:8      | Found a sand-covered staircase.
 10710 | Ossuary  | Entered an ossuary
 11038 | Ossuary  | Reached XP level 10. HP: 44/44 MP: 15/15
 11391 | D:8      | Reached *** piety under Hepliaklqana
 11847 | D:9      | Noticed a centaur warrior
 11870 | D:9      | Killed a centaur warrior
 11870 | D:9      | Reached skill level 10 in Stealth
 12170 | D:9      | Got transparent storm dragon scales
 12181 | D:9      | Identified the +3 storm dragon scales of the Greedy {rElec
                  | Slay+3 Stlth+} (You found it on level 9 of the Dungeon)
 12219 | D:9      | Reached skill level 11 in Short Blades
 12220 | D:9      | Noticed a two-headed ogre
 12250 | D:9      | Killed a two-headed ogre
 12996 | D:10     | Entered Level 10 of the Dungeon
 13036 | D:10     | Found a staircase to the Orcish Mines.
 13041 | D:10     | Noticed Snorg
 13300 | D:10     | Reached skill level 1 in Armour
 13300 | D:10     | Reached XP level 11. HP: 47/47 MP: 16/16
 13317 | D:10     | Reached **** piety under Hepliaklqana
 13532 | D:10     | You fall into a shaft and drop 2 floors!
 13533 | D:12     | Noticed a white ugly thing
 13533 | D:12     | Noticed an unseen horror
 13811 | D:12     | Reached skill level 1 in Shields
 13894 | D:11     | Noticed Maurice
 13906 | D:11     | Noticed an unseen horror
 14075 | D:11     | Noticed a glowing orange brain
 14078 | D:11     | Found a runed translucent gate.
 14078 | D:11     | Found a runed translucent gate.
 14078 | D:11     | Found a runed translucent gate.
 14078 | D:11     | Noticed a green ugly thing
 14078 | D:11     | Noticed a purple ugly thing
 14079 | D:11     | Noticed a red very ugly thing
 14079 | D:11     | Noticed a cyan ugly thing
 14266 | D:11     | Killed Maurice
 14310 | D:11     | Found a staircase to the Lair.
 14590 | D:11     | Noticed Nergalle
 14604 | D:11     | Killed Nergalle
 14604 | D:11     | Reached skill level 12 in Short Blades
 14703 | D:11     | Found a portal to a secret trove of treasure.
 14745 | D:11     | Noticed Harold
 14785 | D:11     | Killed Harold
 14785 | D:11     | Reached skill level 1 in Evocations
 15081 | D:11     | Noticed a red ugly thing
 15503 | D:10     | Killed Snorg
 15503 | D:10     | Reached skill level 5 in Armour
 15558 | Lair:1   | Entered Level 1 of the Lair of Beasts
 16209 | Lair:1   | Reached XP level 12. HP: 28/52 MP: 17/17
 16429 | Lair:1   | Reached ***** piety under Hepliaklqana
 16670 | Lair:2   | Noticed Fannar
 16716 | Lair:2   | Killed Fannar
 17761 | Lair:3   | Reached skill level 5 in Shields
 17820 | Lair:3   | Noticed a death yak
 17821 | Lair:3   | Noticed a death yak
 18287 | D:12     | Noticed Psyche
 18296 | D:12     | Killed Psyche
 18338 | D:12     | Noticed a death knight
 18793 | D:11     | Killed a red very ugly thing
 19126 | D:11     | Found a runed translucent gate.
 19126 | D:11     | Found a runed translucent gate.
 19136 | D:11     | Found a runed translucent gate.
 19140 | D:11     | Noticed Kaggow's ghost (journeyman DsMo)
 19372 | D:12     | Killed a death knight
 19506 | D:12     | Reached XP level 13. HP: 54/54 MP: 18/18
 20885 | D:13     | Reached skill level 10 in Armour
 21100 | D:13     | Noticed Erolcha
 21130 | D:13     | Killed Erolcha
 21513 | D:13     | Found a gate to the Vaults.
 22027 | D:14     | Noticed Jorgrun
 22932 | Lair:3   | Reached skill level 13 in Short Blades
 23493 | Lair:3   | Reached XP level 14. HP: 59/59 MP: 19/19
 23755 | Lair:4   | Reached ****** piety under Hepliaklqana
 23878 | Lair:4   | Learned a level 1 spell: Foxfire
 23997 | Lair:4   | Found a staircase to the Snake Pit.
 24431 | Lair:4   | Found a staircase to the Swamp.
 24462 | Lair:4   | Reached skill level 1 in Fire Magic
 24575 | Lair:4   | Noticed Nessos
 24637 | Lair:4   | Killed Nessos
 24637 | Lair:4   | Reached skill level 1 in Conjurations
 25222 | Lair:5   | Noticed Sonja
 25246 | Lair:5   | Killed Sonja
 25950 | Lair:5   | Reached skill level 14 in Short Blades
 26680 | Lair:6   | Entered Level 6 of the Lair of Beasts
 26965 | Lair:6   | Found a burning altar of Makhleb.
 27587 | Lair:6   | Found a staircase to the Slime Pits.
 27634 | Lair:6   | Identified a scroll of acquirement
 28083 | Lair:6   | Learned a level 3 spell: Conjure Flame
 28315 | Lair:6   | Noticed Urug
 28322 | Lair:6   | Killed Urug
 28960 | D:14     | Killed Jorgrun
 28960 | D:14     | Reached XP level 15. HP: 55/63 MP: 20/20
 29531 | D:14     | Reached skill level 5 in Fire Magic
 29777 | D:14     | Noticed Azrael
 29793 | D:14     | HP: 1/63 [Azrael/damnation (31)]
 30044 | D:14     | HP: 3/63 [bullfrog (7)]
 30528 | D:14     | Reached skill level 5 in Conjurations
 31214 | D:15     | Entered Level 15 of the Dungeon
 31406 | D:15     | Learned a level 3 spell: Mephitic Cloud
 31424 | D:15     | Noticed Agnes
 31431 | D:15     | Killed Agnes
 31431 | D:15     | Reached skill level 1 in Air Magic
 31431 | D:15     | Reached skill level 1 in Poison Magic
 32030 | D:15     | Found a staircase to the Depths.
 32030 | D:15     | Noticed a fire giant
 32187 | D:15     | Killed a fire giant
 32374 | D:14     | Noticed Azrael
 32374 | D:14     | Azrael changed into Azrael the hell hog
 32395 | D:14     | Killed Azrael the hell hog
 32644 | Orc:1    | Entered Level 1 of the Orcish Mines
 32644 | Orc:1    | Noticed Gastronok
 32694 | D:10     | Killed Gastronok
 33038 | Orc:2    | Entered Level 2 of the Orcish Mines
 33173 | Orc:2    | Found a roughly hewn altar of Beogh.
 33208 | Orc:2    | Found Zescho's Assorted Antiques.
 33250 | Orc:2    | Found a roughly hewn altar of Beogh.
 33502 | Orc:2    | Found a roughly hewn altar of Beogh.
 33681 | Orc:2    | Found a staircase to the Elven Halls.
 34127 | Orc:2    | Found a roughly hewn altar of Beogh.
 34154 | Orc:2    | Found Zubb's Antique Armour Shop.
 34206 | Orc:2    | Found a roughly hewn altar of Beogh.
 34362 | Orc:2    | Found a roughly hewn altar of Beogh.
 34410 | Orc:2    | Noticed an orc warlord
 34539 | Orc:2    | Killed an orc warlord
 34728 | Orc:2    | Reached skill level 5 in Poison Magic
 34801 | Orc:2    | Found Huadgh's Antique Armour Shoppe.
 34802 | Orc:2    | Found a roughly hewn altar of Beogh.
 34822 | Orc:2    | Found Qiproj's Antique Weapon Emporium.
 35040 | Orc:2    | Found a roughly hewn altar of Beogh.
 35367 | Snake:1  | Entered Level 1 of the Snake Pit
 35425 | Swamp:1  | Entered Level 1 of the Swamp
 35443 | Swamp:1  | Learned a level 4 spell: Sticky Flame
 35675 | Swamp:1  | Noticed a thorn hunter
 35683 | Swamp:1  | Learned a level 5 spell: Fireball
 35762 | Swamp:1  | Killed a thorn hunter
 36049 | Swamp:1  | Reached XP level 16. HP: 56/66 MP: 21/21
 36792 | Swamp:2  | Reached skill level 5 in Evocations
 39390 | Swamp:4  | Entered Level 4 of the Swamp
 39390 | Swamp:4  | Noticed Kirke
 39390 | Swamp:4  | Noticed a thorn hunter
 39464 | Swamp:4  | Noticed a thorn hunter
 39481 | Swamp:4  | Killed a thorn hunter
 41340 | Orc:2    | Bought a gilded ring for 135 gold pieces
 41391 | Orc:2    | Bought a potion of haste for 270 gold pieces
 41391 | Orc:2    | Bought a potion of curing for 81 gold pieces
 41391 | Orc:2    | Bought a box of beasts for 540 gold pieces
 43150 | Swamp:4  | Killed from afar by a fire dragon

Levels and vault maps discovered:
D:1:      dpeg_arrival_arbitrary_b, layout_basic, serial_rivers,
          chequers_serial_rivers_room_b, chequers_serial_rivers_micro_b,
          chequers_serial_rivers_micro_b, chequers_serial_rivers_marsh,
          chequers_serial_rivers_micro_c
D:2:      layout_basic, nicolae_ru_path_of_blood
D:3:      layout_rooms, gammafunk_temple_overflow_claw, first_ration
D:4:      layout_loops_corners, grunt_temple_overflow_open, uniq_robin,
          uniq_duvessa, uniq_crazy_yiuf_cottage, uniq_pikel
D:5:      minmay_clustersquares, layout_loops_ring,
          minmay_temple_entry_drinking_statues
D:6:      layout_layer_cave, lemuel_crystal_altar, marbit_many_paths,
          uniq_menkaure
D:7:      layout_basic, wad_floor_pattern_1
D:8:      layout_loops_ring, lightli_ossuary_entry_decrepit_ruins
D:9:      layout_basic
D:10:     layout_loops_ring, orc_0_dummy, uniq_snorg
D:11:     layout_basic, david_lair_shrubbed, enter_trove_0,
          ploomutoo_gammafunk_ghost_potion_laboratory, uniq_nergalle,
          uniq_harold, uniq_maurice
D:12:     layout_loops_ring, grunt_livestock, minmay_large_rounded_square,
          uniq_psyche
D:13:     layout_cave_pods, david_vaults_1, uniq_erolcha
D:14:     layout_basic, uniq_azrael, uniq_jorgrun
D:15:     grunt_enter_depths_giant_problem, layout_basic,
          grunt_decor_one_mirror, uniq_agnes
Temple:   nicolae_temple_no_exploring_needed
Lair:1:   layout_roguey, grunt_megastairs_2
Lair:2:   layout_hall_layers, uniq_fannar
Lair:3:   layout_cave_pods
Lair:4:   layout_layer_cave, minmay_swamp_entry_worms,
          minmay_snake_entry_guardpost_medium, grunt_forest_small_clearings,
          uniq_nessos
Lair:5:   layout_big_grid, serial_forest, infiniplex_forest_clump_small,
          infiniplex_forest_clump_small, infiniplex_forest_join,
          infiniplex_forest_clump_small, infiniplex_forest_end_3,
          infiniplex_forest_clump_diagonal, infiniplex_forest_lined_room_3,
          lemuel_fruit_fields, uniq_sonja
Lair:6:   evil_forest, layout_cave_pods, nicolae_slime_entry_slimehenge,
          uniq_urug
Swamp:1:  layout_basic_swamp, hangedman_swamp_lotus
Swamp:2:  layout_falls_marsh, nicolae_swamp_trees_clearing
Swamp:3:  layout_falls_marsh, portal_ice_cave_entry_pillars_1,
          hangedman_swamp_diagram
Swamp:4:  swamp_fiery, layout_basic_swamp, uniq_kirke
Snake:1:  layout_misc_corridors, grunt_megastairs_1, serial_bayou_shore_b
Orc:1:    layout_caves, nicolae_orc_tapped_out, uniq_gastronok
Orc:2:    grunt_orc_community_town_hall, layout_diamond_mine,
          grunt_orc_community_big_house_2, grunt_orc_community_big_house_2,
          grunt_orc_community_house_1, grunt_orc_community_house_2,
          grunt_orc_community_house_2, grunt_orc_community_house_3,
          kennysheep_orc_chapel

Skill      XL: |  1  2  3  4  5  6  7  8  9 10 11 12 13 14 15 16 |
---------------+-------------------------------------------------+-----
Stealth        | 6 7 8 11 12 13 | 13.3
Dodging        | 2 3 4 5 7 |  7.6
Short Blades   | 3 4 6 7 9 10 11 12 13 14 | 14.0
Throwing       | 3 4 6 7 |  7.1
Invocations    | 6 |  6.0
Fighting       | 4 |  4.0
Spellcasting   | 3 4 |  4.8
Armour         | 1 5 8 10 11 12 | 12.0
Shields        | 3 6 7 |  7.3
Evocations     | 4 5 |  5.0
Fire Magic     | 4 6 9 |  9.0
Conjurations   | 4 6 7 |  7.4
Air Magic      | 3 |  3.0
Poison Magic   | 5 |  5.0

Action                   |  1- 3 |  4- 6 |  7- 9 | 10-12 | 13-15 | 16-18 || total
-------------------------+-------+-------+-------+-------+-------+-------++-------
Melee: Dagger            |   103 |   121 |   483 |   617 |  1337 |   200 ||  2861
       Whip              |       |       |    20 |       |       |       ||    20
       Short sword       |       |       |       |   386 |   437 |   175 ||   998
       Quick blade       |       |       |       |       |    48 |    36 ||    84
Throw: Dart              |     8 |    80 |    54 |   134 |   342 |    19 ||   637
       Boomerang         |       |       |     2 |       |    67 |   118 ||   187
       Throwing net      |       |       |       |     1 |     2 |       ||     3
 Cast: Foxfire           |       |       |       |       |    31 |       ||    31
       Conjure Flame     |       |       |       |       |    14 |    11 ||    25
       Mephitic Cloud    |       |       |       |       |     5 |     1 ||     6
       Fireball          |       |       |       |       |     2 |    20 ||    22
       Sticky Flame      |       |       |       |       |       |    17 ||    17
Invok: Recall Ancestor   |       |       |    20 |    49 |    71 |    19 ||   159
       Ancestor Identity |       |       |     1 |       |       |       ||     1
       Ancestor Life: He |       |       |     1 |       |       |       ||     1
       Idealise          |       |       |       |     2 |       |       ||     2
       Transference      |       |       |       |       |     3 |     2 ||     5
 Abil: Evoke Flight      |       |       |       |       |     2 |    15 ||    17
       Stop Flying       |       |       |       |       |       |     1 ||     1
Evoke: Wand              |       |       |       |    29 |    48 |     5 ||    82
       Tin of tremorston |       |       |       |     2 |       |       ||     2
       Box of beasts     |       |       |       |       |       |     1 ||     1
  Use: Scroll            |     1 |     1 |     9 |    11 |    22 |    18 ||    62
       Potion            |       |       |     4 |       |     7 |    12 ||    23
 Stab: Distracted        |     2 |     1 |     3 |     9 |    15 |     4 ||    34
       Sleeping          |     7 |     6 |    13 |    36 |    56 |     8 ||   126
       Confused          |       |       |     2 |     8 |    20 |     9 ||    39
       Held in net/web   |       |       |       |     1 |       |       ||     1
       Betrayed ally     |       |       |       |     1 |       |       ||     1
       Paralysed         |       |       |       |       |    31 |    17 ||    48
  Eat: Ration            |       |     1 |     4 |     5 |    10 |    11 ||    31
Armor: Robe              |    12 |    23 |    41 |     3 |       |       ||    79
       Troll leather arm |       |       |       |    67 |   109 |    47 ||   223
       Storm dragon scal |       |       |       |     8 |       |       ||     8
Dodge: Dodged            |    68 |    82 |   263 |   385 |   746 |   330 ||  1874
Block: Buckler           |       |       |       |   149 |   366 |   142 ||   657

Table legend:
 A = Non-vault XP
 B = Vault XP
 C = Vault XP percentage of total XP
 D = Non-vault monster count
 E = Vault monster count
 F = Vault count percentage of total count
                 A         B        C        D         E       F
            +---------+---------+-------+---------+---------+-------
      Total |  144485 |   51539 |  26.3 |     724 |     216 |  23.0
            +---------+---------+-------+---------+---------+-------
        D:1 |      30 |       0 |   0.0 |      19 |       0 |   0.0
        D:2 |     167 |       0 |   0.0 |      26 |       0 |   0.0
        D:3 |      86 |       0 |   0.0 |      14 |       0 |   0.0
        D:4 |     400 |     898 |  69.2 |      18 |      12 |  40.0
        D:5 |     484 |     421 |  46.5 |      18 |      10 |  35.7
        D:6 |     953 |      18 |   1.9 |      21 |       1 |   4.5
        D:7 |     983 |       0 |   0.0 |      19 |       0 |   0.0
        D:8 |    1864 |       0 |   0.0 |      32 |       0 |   0.0
        D:9 |    3723 |       0 |   0.0 |      34 |       0 |   0.0
       D:10 |    2321 |    3171 |  57.7 |      32 |       2 |   5.9
       D:11 |    3725 |    6792 |  64.6 |      38 |      10 |  20.8
       D:12 |   10725 |    1378 |  11.4 |      47 |       6 |  11.3
       D:13 |    5733 |    3745 |  39.5 |      21 |       5 |  19.2
       D:14 |   20512 |    4772 |  18.9 |      57 |       6 |   9.5
       D:15 |    7512 |    3826 |  33.7 |      19 |       2 |   9.5
     Lair:1 |    2834 |     522 |  15.6 |      19 |       2 |   9.5
     Lair:2 |    5423 |     991 |  15.5 |      16 |       1 |   5.9
     Lair:3 |    6828 |       0 |   0.0 |      26 |       0 |   0.0
     Lair:4 |    7888 |    2403 |  23.4 |      25 |       7 |  21.9
     Lair:5 |    9542 |     814 |   7.9 |      34 |       1 |   2.9
     Lair:6 |    8175 |    5295 |  39.3 |      32 |      21 |  39.6
    Swamp:1 |    7187 |       0 |   0.0 |      16 |       0 |   0.0
    Swamp:2 |    7176 |       0 |   0.0 |      16 |       0 |   0.0
    Swamp:3 |   11254 |    2004 |  15.1 |      29 |       3 |   9.4
    Swamp:4 |    9921 |    5841 |  37.1 |      32 |      14 |  30.4
    Snake:1 |    2517 |    1161 |  31.6 |       6 |       2 |  25.0
      Orc:1 |    2187 |       0 |   0.0 |      14 |       0 |   0.0
      Orc:2 |    4335 |    7319 |  62.8 |      44 |      72 |  62.1
    Ossuary |       0 |     168 | 100.0 |       0 |      39 | 100.0
            +---------+---------+-------+---------+---------+-------
